 Dungeon Crawl Stone Soup version 0.28.0 (webtiles) character file.

Game seed: 5858494430488310380

672 croobank the Covert (level 7, -1/31 HPs)
             Began as a Felid Delver on Feb 19, 2022.
             Was a Priest of Fedhas.
             Slain by a kobold brigand (5 damage)
             ... on level 6 of the Dungeon.
             The game lasted 00:41:43 (9344 turns).

croobank the Covert (Felid Delver)                  Turns: 9344, Time: 00:41:43

Health: -1/31      AC:  2    Str: 10    XL:     7   Next: 32%
Magic:  24/24      EV: 18    Int: 11    God:    Fedhas [***...]
Gold:   360        SH:  0    Dex: 18    Spells: 8/15 levels left
                                        Lives:  0   Deaths: 2

rFire   + . .      SeeInvis +     - Unarmed
rCold   . . .      Faith    .   (shield unavailable)
rNeg    . . .      Spirit   .   (armour unavailable)
rPois   .          Reflect  .   (helmet unavailable)
rElec   .          Harm     .   (cloak unavailable)
rCorr   .          Rampage  .   (gloves unavailable)
Will    +....                   (boots unavailable)
Stlth   ++++++....              j - amulet of magic regeneration
HPRegen 0.10/turn               f - ring of magical power
MPRegen 0.59/turn               o - ring of protection from fire

@: about to teleport, quick
A: very small, claws 1, fangs 3, see invisible, speed 1, shaggy fur 2, stealthy
paws, no weapons or thrown items, no armour, multi-lived, sense surroundings 1,
noise suppression
a: Renounce Religion, Wall of Briars, Grow Ballistomycete


You were on level 6 of the Dungeon.
You worshipped Fedhas.
Fedhas was most pleased with you.
You visited 1 branch of the dungeon, and saw 7 of its levels.
You also visited: Ossuary.

You collected 360 gold pieces.

Inventory:

Jewellery
 f - a ring of magical power (left paw)
 j - an amulet of magic regeneration (around neck)
 o - a ring of protection from fire (right paw)
Wands
 c - a wand of flame (13)
 e - a wand of digging (3)
 l - a wand of charming (7)
Scrolls
 a - a scroll of fog
 m - 2 scrolls of amnesia {unknown}
 n - a scroll of acquirement {unknown}
Potions
 d - 2 potions of lignification
 g - 2 potions of magic
 i - a potion of cancellation
 k - a potion of mutation
 p - 2 potions of curing
 q - a potion of resistance
 r - a potion of ambrosia


   Skills:
 - Level 3.4 Fighting
 - Level 3.4 Dodging
 + Level 13.7 Stealth
 - Level 2.5 Unarmed Combat
 + Level 4.6 Spellcasting
 + Level 4.7 Conjurations
 + Level 3.1 Hexes


You had 8 spell levels left.
You knew the following spells:

 Your Spells              Type           Power      Damage    Failure   Level
a - Magic Dart            Conj           48%        1d5       3%          1
b - Searing Ray           Conj           24%        2d5       4%          2
c - Fulminant Prism       Conj/Hex       5%         3d7       41%         4

Your spell library contained the following spells:

 Spells                   Type           Power      Damage    Failure   Level


Dungeon Overview and Level Annotations

Branches:
Dungeon (7/15)             Temple (0/1) D:4         Ossuary (visited)

Altars:
Fedhas
Gozag
Qazlal
Xom
Zin
The Shining One

Annotations:
D:5 Pikel
D:6 Duvessa


Innate Abilities, Weirdness & Mutations

You have sharp claws.
You have razor-sharp teeth.
You have supernaturally acute eyesight. (SInv)
You cover ground quickly. (Speed+)
You are covered in thick fur. (AC +2)
Your paws help you pounce on unaware monsters.
You are incapable of wielding weapons or throwing items.
You cannot wear armour.
You gain extra lives every three experience levels.
You passively map a small area around you.
You passively dampen the noise of your surroundings.


Message History

The kobold brigand unwields a +0 hand crossbow.
The kobold brigand wields a +0 dagger.
The kobold brigand hits you with a +0 dagger!
The kobold shouts!
You scratch the kobold brigand.
The kobold brigand is severely wounded.
You hear a shout!
The kobold brigand closely misses you.
You scratch the kobold brigand. Your bite misses the kobold brigand.
The kobold brigand is almost dead.
You hear a shout!
The kobold brigand hits you with a +0 dagger.
You closely miss the kobold brigand.
The kobold brigand is almost dead.
The kobold brigand hits you with a +0 dagger.
You closely miss the kobold brigand.
The kobold brigand is almost dead.
You hear a shout!
The kobold brigand hits you with a +0 dagger.
The kobold shouts! x2
You scratch the kobold brigand but do no damage.
The kobold brigand is almost dead.
The kobold brigand hits you with a +0 dagger.
* * * LOW HITPOINT WARNING * * *
Attack: -) Teeth and claws
Press: ? - help, Dir - move target, f/p - kobold brigand
Aim: a kobold brigand, wielding a +0 dagger and quivering bolts (almost dead, about 41% to evade your paws)
Okay, then.
Attack: -) Teeth and claws
Press: ? - help, Dir - move target, f/p - kobold brigand
Aim: a kobold brigand, wielding a +0 dagger and quivering bolts (almost dead, about 41% to evade your paws)
You scratch the kobold brigand.
The kobold brigand is almost dead.
The kobold brigand hits you with a +0 dagger.
* * * LOW HITPOINT WARNING * * *
As you read the scroll of teleportation, it crumbles to dust.
You feel strangely unstable.
The kobold brigand hits you with a +0 dagger.
You die...
Fedhas appreciates your contribution to the ecosystem.

#.#.# ##e#.## #. #.#
#.#.####.....# #. #.#
#..<..[#.#.....####.##.##
#.......................#########
##...#.#..######KK..##...........
##[##.#..# #K### #..#########
#.##.#..# #K# #..# # #.##.#..#
#K# #..# # #.......# #@# #..# #
#####..#######.# #..#########
#........).#####....>..<<..
##...............##########
###############.# # #.##########
#........... ############


You could see a kobold brigand and 4 kobolds.

Vanquished Creatures
  3 yaks (D:6)
  Edmund (D:6)
  A black bear (D:4)
  A phantom (D:6)
  An elf zombie (Ossuary)
  A bullfrog (D:6)
  A scorpion (D:5)
  Dowan (D:6)
  A water moccasin skeleton (D:4)
  3 centaur zombies (Ossuary)
  A bullfrog zombie (D:6)
  A human zombie (Ossuary)
  3 hounds
  An orc priest (D:7)
  3 bullfrog skeletons
  3 orc wizards
  2 hound zombies (Ossuary)
  4 mummies
  A howler monkey zombie (D:5)
  5 adders
  2 howler monkey skeletons (D:5)
  2 shadow imps (D:5)
  An ufetubus (D:6)
  An adder skeleton (D:4)
  A worm (D:2)
  3 dart slugs
  9 orcs
  8 ball pythons
  7 bats
  11 endoplasms
  7 giant cockroaches
  2 gnoll zombies (Ossuary)
  4 goblins
  8 hobgoblins
  3 jackals (D:3)
  4 kobolds
  3 quokkas
  3 frilled lizards
  2 goblin zombies (Ossuary)
  2 hobgoblin zombies (Ossuary)
  7 jackal zombies (Ossuary)
  2 kobold zombies (Ossuary)
  An orc zombie (Ossuary)
  6 quokka zombies (Ossuary)
  8 rats
  2 rat zombies (Ossuary)
147 creatures vanquished.

Vanquished Creatures (collateral kills)
  An unseen horror (D:6)
  An ice beast (D:6)
  A water moccasin zombie (D:5)
  A white imp (D:5)
4 creatures vanquished.

Vanquished Creatures (others)
  10 fungi (D:5)
  4 plants (D:5)
14 creatures vanquished.

Grand Total: 165 creatures vanquished

Notes
Turn   | Place    | Note
-------+----------+-------------------------------------------
     0 | D:5      | croobank the Felid Delver began the quest for the Orb.
     0 | D:5      | Reached XP level 1. HP: 10/10 MP: 2/2
    14 | D:5      | Became a worshipper of Fedhas Madash
    91 | D:5      | Noticed an ogre
    94 | D:5      | Noticed a lemure
    95 | D:5      | Noticed a lemure
    96 | D:5      | Noticed Pikel
    96 | D:5      | Noticed a lemure
   178 | D:4      | Reached XP level 2. HP: 14/14 MP: 3/3
   211 | D:4      | Noticed a black bear
   223 | D:4      | Found a glowing golden altar of the Shining One.
   336 | D:3      | Found a glowing silver altar of Zin.
   364 | D:2      | Identified the +3 quarterstaff "Busuol" {flame, Int+4
                  | Dex+5}
   390 | D:2      | Reached skill level 7 in Stealth
   451 | D:2      | Found a faded altar of an unknown god.
   453 | D:2      | Reached XP level 3. HP: 6/17 MP: 4/4
   802 | D:2      | Gained mutation: Your magical capacity is low. (-10% MP)
                  | [potion of mutation]
   802 | D:2      | Lost mutation: Your magical capacity is low. (-10% MP)
                  | [potion of mutation]
   802 | D:2      | Gained mutation: You have hidden genetic potential. [potion
                  | of mutation]
  1533 | D:1      | Reached * piety under Fedhas
  2011 | D:1      | Reached XP level 4. HP: 11/21 MP: 5/5
  2316 | D:2      | Gained mutation: You passively dampen the noise of your
                  | surroundings. [hidden potential]
  2716 | D:3      | Reached ** piety under Fedhas
  2717 | D:3      | Reached skill level 8 in Stealth
  3192 | D:4      | Reached XP level 5. HP: 22/24 MP: 6/6
  3236 | D:4      | Found a shimmering altar of Xom.
  3237 | D:4      | Found an opulent altar of Gozag.
  3238 | D:4      | Found a stormy altar of Qazlal.
  3254 | D:4      | Gained mutation: You passively map a small area around you.
                  | [hidden potential]
  3254 | D:4      | Lost mutation: You have hidden genetic potential. [hidden
                  | potential expressed]
  3354 | D:4      | Found a staircase to the Ecumenical Temple.
  3362 | D:4      | Reached skill level 9 in Stealth
  3770 | D:4      | Killed a black bear
  3771 | D:4      | Reached skill level 10 in Stealth
  3771 | D:4      | Gained mutation: You are covered in thick fur. (AC +2)
                  | [Felid growth]
  3771 | D:4      | Reached XP level 6. HP: 22/28 MP: 7/7
  4718 | D:5      | Learned a level 1 spell: Magic Dart
  4751 | D:5      | Learned a level 2 spell: Searing Ray
  4813 | D:5      | Reached skill level 11 in Stealth
  5045 | D:5      | Reached XP level 7. HP: 18/31 MP: 8/8
  5258 | D:5      | Reached *** piety under Fedhas
  5338 | D:6      | Reached skill level 1 in Spellcasting
  5338 | D:6      | Reached skill level 1 in Conjurations
  5474 | D:6      | Noticed an unseen horror
  5513 | D:6      | Noticed Edmund
  5526 | D:6      | HP: 1/46 [unseen horror (3)]
  5534 | D:6      | Killed an unseen horror
  5535 | D:6      | Reached skill level 12 in Stealth
  6070 | D:6      | Noticed a yak
  6070 | D:6      | Noticed a yak
  6070 | D:6      | Noticed a yak
  6070 | D:6      | Noticed a yak
  6099 | D:6      | Reached XP level 8. HP: 18/34 MP: 13/13
  6600 | D:6      | Noticed Duvessa
  6601 | D:6      | Noticed Dowan
  6665 | D:6      | Reached skill level 13 in Stealth
  7000 | D:6      | Learned a level 4 spell: Fulminant Prism
  7254 | D:6      | Killed Dowan
  7277 | D:6      | Killed Edmund
  7278 | D:6      | Reached skill level 1 in Hexes
  7541 | D:6      | Slain by Duvessa
  7542 | D:6      | Reached XP level 7. HP: 0/31 MP: 23/23
  7672 | D:7      | Found a sand-covered staircase.
  7683 | Ossuary  | Entered an ossuary
  8082 | Ossuary  | Reached XP level 8. HP: 26/34 MP: 15/15
  9228 | D:6      | Slain by Duvessa
  9229 | D:6      | Reached XP level 7. HP: 0/31 MP: 21/23
  9344 | D:6      | Slain by a kobold brigand

Illustrated notes

Levels and vault maps discovered:
D:1:      dpeg_arrival_water_temple_mockup, layout_loops_corners,
          minmay_misc_feat_roman
D:2:      layout_basic, ebering_ecumenical_altar_box
D:3:      layout_rooms, general_overflow_altar, minmay_misc_feat_secret_circle,
          minmay_between
D:4:      layout_loops_ring, minitemple, nicolae_tso_swordbearing_angel,
          minmay_temple_entry_wispy, serial_glass, glass_columns_c,
          glass_columns_c, item_on_display_a, item_on_display_a,
          minmay_strange_pillars, item_on_display_a
D:5:      layout_rooms, fedhas_altar_3, uniq_pikel
D:6:      layout_loops_ring, minmay_checkerbox, uniq_duvessa, uniq_edmund
D:7:      layout_loops_corners, marbit_many_paths,
          gammafunk_ghost_abyssal_escape, gup_ossuary_entry_pyramid,
          serial_park_tiny_pond

Skill      XL: |  1  2  3  4  5  6  7  8 |
---------------+-------------------------+-----
Dodging        | 3 |  3.4
Stealth        | 7 8 10 11 12 13 | 13.7
Spellcasting   | 2 4 |  4.6
Conjurations   | 2 4 |  4.7
Hexes          | 2 3 |  3.1
Fighting       | |  3.4
Unarmed Combat | |  2.5

Action                   |  1- 3 |  4- 6 |  7- 9 || total
-------------------------+-------+-------+-------++-------
Melee: Unarmed           |   104 |   179 |   269 ||   552
       Bite              |    16 |    14 |    38 ||    68
       Punch             |     1 |     2 |     5 ||     8
 Cast: Magic Dart        |       |     8 |     1 ||     9
       Searing Ray       |       |       |    11 ||    11
Invok: Wall of Briars    |       |     2 |     4 ||     6
Evoke: Wand              |       |       |    21 ||    21
  Use: Scroll            |     2 |     4 |     8 ||    14
       Potion            |     2 |    12 |     3 ||    17
 Stab: Sleeping          |    13 |    16 |    15 ||    44
       Distracted        |       |     5 |       ||     5
Armor: Skin              |     4 |     8 |    36 ||    48
Dodge: Dodged            |    75 |   137 |   190 ||   402
